 Dungeon Sprint DCSS version 0.23-a0-447-g7b583b2f2c (webtiles) character file.

1640 Jannitor the Fighter (level 8, -8/90 (91) HPs)
             Began as a Demonspawn Monk on Nov 19, 2018.
             Was a Priest of Trog.
             Killed by divine providence
             ... invoked by an orc priest
              (16 damage)
             ... in the Dungeon (Sprint III: "The Ten Rune Challenge").
             The game lasted 00:04:35 (1982 turns).

Jannitor the Fighter (Demonspawn Monk)              Turns: 1982, Time: 00:04:37

HP:   -8/90 (91)    AC:  2    Str: 14    XL:     8   Next: 66%
MP:   8/8           EV: 17    Int: 12    God:    Trog [***...]
Gold: 41            SH:  0    Dex: 13    Spells: 7/7 levels left

rFire    . . .     SeeInvis .   a - +0 mace
rCold    + . .     Gourm    .   (no shield)
rNeg     . . .     Faith    .   e - +0 robe (curse)
rPois    .         Spirit   .   (no helmet)
rElec    .         Reflect  .   (no cloak)
rCorr    .         Harm     .   (no gloves)
MR       ++...     NoTele   +   (no boots)
Stlth    ++........             (no amulet)
HPRegen  1.25/turn              (no ring)
MPRegen  0.11/turn              (no ring)

@: berserk cooldown, regenerating, slowed, very slow
A: talons 1, clumsy 1, cold resistance 1, robust 2, screaming 1, sturdy frame 2
a: Berserk, Trog's Hand, Renounce Religion


You were in the Dungeon.
You worshipped Trog.
Trog was most pleased with you.
You were not hungry.

You visited 1 branch You collected 41 gold pieces.

Inventory:

Hand Weapons
 a - a +0 mace (weapon)
Missiles
 j - 5 needles of confusion
Armour
 b - a +0 robe
 e - a cursed +0 robe (worn)
Scrolls
 h - a scroll of holy word
 i - a scroll of blinking
 k - 2 scrolls of identify
 l - a scroll of remove curse
Potions
 d - 3 potions of curing
 g - 3 potions of magic
 m - 2 potions of flight
 n - 2 potions of mutation
Miscellaneous
 f - a sack of spiders
Comestibles
 c - 2 rations


   Skills:
 + Level 11.7 Fighting
 + Level 11.5 Maces & Flails
 + Level 9.4 Dodging
 - Level 1.7 Stealth


You had 7 spell levels left.
You didn't know any spells.
Your spell library was empty.

Dungeon Overview and Level Annotations

Branches:
Dungeon (1/1)

Altars:
Cheibriados
Dithmenos
Elyvilon
Fedhas
Gozag
Hepliaklqana
Kikubaaqudgha
Makhleb
Nemelex Xobeh
Okawaru
Qazlal
Ru
Sif Muna
Trog
Uskayaw
Vehumet
Wu Jian
Xom
Yredelemnul
Zin
The Shining One
Beogh
Jiyva
Lugonu

Annotations:
D Snorg


Innate Abilities, Weirdness & Mutations

You have sharp toenails.
Your flesh is cold resistant. (rC+)
Your movements are less encumbered by armour. (ER -4)
You are clumsy. (Dex -2)
You are very robust. (+20% HP)
You occasionally shout uncontrollably at your foes.


Message History

The orc priest calls down the wrath of Beogh upon you.
Beogh smites you!
* * * LOW HITPOINT WARNING * * *
The orc moves out of view.
You see here 11 gold pieces.
Okay, then.
Unknown command.
Unknown command.
You feel quite a bit more hungry.
The orc knight hits you with a +0 war axe!!
* * * LOW HITPOINT WARNING * * *
Unknown command.
Unknown command.
You feel quite a bit more hungry.
You can no longer call in reinforcements.
The orc knight roars a battlecry!
The orc goes into a battle-frenzy!
The orc priest invokes the aid of Beogh against you.
Beogh smites you!
You die...

▓▓▓ ▓ ▓ ♣.############
##$# $#
♣♣.#___#___#__##_#$#.#.
♣..#.).#__.#._#.$oo....
♣♣..###'#)###)##ooo.....
.♣..#..........#$ooooooo
.♣♣.'.⌠........#o#
≈...#...######'#@#
....#.⌠.#__#...#+#####
....#...#__#...#.§§§≈+
....#'###__#...#.#§§≈#
....#)).#__#...'.#§§.#
....#___#__'...#.# T.#
▓▓▓▓▓▓▓▓▓▓▓▓▓▓▓▓▓▓ ▓▓


You could see an orc knight, 2 orc priests and 4 orcs.

Vanquished Creatures
  An orc sorcerer (D)
  A deep elf mage (D)
  A shadow (D)
  A spatial vortex (D)
  A necrophage (D)
  A water elemental (D)
  A scorpion (D)
  A jelly (D)
  A wizard (D)
  Jessica (D)
  A necromancer (D)
  3 humans (D)
  A kobold demonologist (D)
  An ooze (D)
  An orc (D)
  2 rats (D)
19 creatures vanquished.

Vanquished Creatures (others)
  2 draconian scorchers (D)
  6 hellions (D)
  2 yaktaurs (D)
10 creatures vanquished.

Grand Total: 29 creatures vanquished

Notes
Turn   | Place    | Note
-------+----------+-------------------------------------------
     0 | D        | Jannitor the Demonspawn Monk began the quest for the Orb.
     0 | D        | Reached XP level 1. HP: 18/18 MP: 1/1
    20 | D        | Killed a yaktaur
    84 | D        | Noticed Jessica
    92 | D        | Killed Jessica
    92 | D        | Gained mutation: Your movements are slightly less
                  | encumbered by armour. (ER -2) [demonic ancestry]
    92 | D        | Reached XP level 2. HP: 21/26 MP: 2/2
    92 | D        | Reached XP level 3. HP: 25/31 MP: 3/3
    96 | D        | Killed a hellion
   110 | D        | Killed a hellion
   111 | D        | Killed a hellion
   112 | D        | Killed a hellion
   123 | D        | Killed a hellion
   137 | D        | Killed a hellion
   162 | D        | Noticed a scorpion
   166 | D        | Killed a white draconian scorcher
   176 | D        | Killed a white draconian scorcher
   184 | D        | Killed a scorpion
   184 | D        | Reached skill level 5 in Fighting
   184 | D        | Reached skill level 5 in Maces & Flails
   184 | D        | Reached skill level 5 in Dodging
   184 | D        | Gained mutation: Your movements are less encumbered by
                  | armour. (ER -4) [demonic ancestry]
   184 | D        | Reached XP level 4. HP: 37/39 MP: 4/4
   438 | D        | Gained mutation: You evolve. [potion of mutation]
   438 | D        | Gained mutation: You expend magic power (3 MP) to
                  | strengthen your wands. [potion of mutation]
   439 | D        | Lost mutation: You evolve. [potion of mutation]
   439 | D        | Lost mutation: You expend magic power (3 MP) to strengthen
                  | your wands. [potion of mutation]
   439 | D        | Gained mutation: You are weak. (Str -2) [potion of
                  | mutation]
   439 | D        | Gained mutation: Your flesh is cold resistant. (rC+)
                  | [potion of mutation]
   540 | D        | Lost mutation: Your flesh is cold resistant. (rC+) [potion
                  | of mutation]
   540 | D        | Lost mutation: You are weak. (Str -2) [potion of mutation]
   540 | D        | Gained mutation: You are robust. (+10% HP) [potion of
                  | mutation]
   540 | D        | Gained mutation: You are clumsy. (Dex -2) [potion of
                  | mutation]
   540 | D        | Gained mutation: You occasionally shout uncontrollably at
                  | your foes. [potion of mutation]
   540 | D        | Gained mutation: You are very robust. (+20% HP) [potion of
                  | mutation]
   610 | D        | Noticed a water elemental
   637 | D        | Killed a water elemental
   637 | D        | Gained mutation: You have sharp toenails. [demonic
                  | ancestry]
   637 | D        | Reached XP level 5. HP: 11/56 MP: 5/5
   917 | D        | Found a hide-covered altar of Uskayaw.
   917 | D        | Found a roughly hewn altar of Beogh.
   917 | D        | Found an iron altar of Okawaru.
   917 | D        | Found a bloodstained altar of Trog.
   917 | D        | Found an ornate altar of the Wu Jian Council.
   917 | D        | Noticed a human
   918 | D        | Noticed a human
   921 | D        | Became a worshipper of Trog the Wrathful
   921 | D        | Reached * piety under Trog
   921 | D        | Reached ** piety under Trog
   930 | D        | Killed a human
   930 | D        | Reached XP level 6. HP: 55/67 MP: 6/6
   936 | D        | Killed a human
  1049 | D        | Found a basalt altar of Yredelemnul.
  1049 | D        | Found a shadowy altar of Dithmenos.
  1049 | D        | Found a sacrificial altar of Ru.
  1057 | D        | Reached *** piety under Trog
  1057 | D        | Gained mutation: Your flesh is cold resistant. (rC+)
                  | [demonic ancestry]
  1057 | D        | Reached XP level 7. HP: 75/75 MP: 7/7
  1114 | D        | Noticed a shadow
  1128 | D        | Killed a shadow
  1128 | D        | Reached skill level 10 in Fighting
  1174 | D        | Noticed Snorg
  1179 | D        | Found a blossoming altar of Fedhas.
  1179 | D        | Found a stormy altar of Qazlal.
  1179 | D        | Found a snail-covered altar of Cheibriados.
  1179 | D        | Found a burning altar of Makhleb.
  1179 | D        | Found a shimmering altar of Xom.
  1179 | D        | Noticed a spatial vortex
  1180 | D        | Found a hazy altar of Hepliaklqana.
  1180 | D        | Found an opulent altar of Gozag.
  1180 | D        | Found a sparkling altar of Nemelex Xobeh.
  1180 | D        | Found a corrupted altar of Lugonu.
  1180 | D        | Found a viscous altar of Jiyva.
  1326 | D        | Killed a spatial vortex
  1326 | D        | Reached skill level 10 in Maces & Flails
  1328 | D        | Found a radiant altar of Vehumet.
  1328 | D        | Found a deep blue altar of Sif Muna.
  1328 | D        | Found an ancient bone altar of Kikubaaqudgha.
  1338 | D        | Reached **** piety under Trog
  1338 | D        | Received a gift from Trog
  1397 | D        | Found a glowing silver altar of Zin.
  1397 | D        | Found a glowing golden altar of the Shining One.
  1397 | D        | Found a white marble altar of Elyvilon.
  1550 | D        | Killed a yaktaur
  1584 | D        | Noticed a deep elf mage
  1598 | D        | HP: 2/79 [stone wall collision (13)]
  1601 | D        | Killed a deep elf mage
  1601 | D        | Reached XP level 8. HP: 4/89 MP: 8/8
  1954 | D        | Found a roughly hewn altar of Beogh.
  1956 | D        | Noticed an orc sorcerer
  1958 | D        | Noticed an orc knight
  1962 | D        | Noticed an orange demon
  1966 | D        | Killed an orc sorcerer
  1982 | D        | Killed from afar by an orc priest

Vault maps used:
D:        dungeon_sprint_mu

Skill      XL: |  1  2  3  4  5  6  7  8 |
---------------+-------------------------+-----
Maces & Flails | 4 5 6 7 9 10 11 | 11.5
Dodging        | 4 5 6 7 9 |  9.4
Fighting       | 4 5 6 8 9 11 | 11.7
Stealth        | |  1.7

Action                   |  1- 3 |  4- 6 |  7- 9 || total
-------------------------+-------+-------+-------++-------
Melee: Mace              |    15 |    39 |    59 ||   113
       Kick              |       |     4 |    16 ||    20
Invok: Berserk           |       |     2 |     4 ||     6
       Trog's Hand       |       |     1 |     1 ||     2
       Brothers in Arms  |       |       |     2 ||     2
  Use: Potion            |     1 |     6 |       ||     7
       Scroll            |       |       |     2 ||     2
 Stab: Sleeping          |       |       |     1 ||     1
  Eat: Chunk             |       |       |     4 ||     4
       Ration            |       |       |     2 ||     2
Armor: Robe              |     2 |       |     4 ||     6
Dodge: Dodged            |    11 |    28 |    24 ||    63

Table legend:
 A = Non-vault XP
 B = Vault XP
 C = Vault XP percentage of total XP
 D = Non-vault monster count
 E = Vault monster count
 F = Vault count percentage of total count
                 A         B        C        D         E       F
            +---------+---------+-------+---------+---------+-------
      Total |       0 |    2343 | 100.0 |       0 |      19 | 100.0
            +---------+---------+-------+---------+---------+-------
          D |       0 |    2343 | 100.0 |       0 |      19 | 100.0
            +---------+---------+-------+---------+---------+-------
